 Dungeon Crawl Stone Soup version 0.28-a0-124-g73ec313a74 (webtiles) character file.

Game seed: 9533676654731585760

3047 Sweetruy1997 the Cleaver (level 9, -4/71 HPs)
             Began as a Green Draconian Berserker on Aug 14, 2021.
             Was a High Priest of Trog.
             Slain by a wolf (9 damage)
             ... led by Grum
             ... on level 8 of the Dungeon.
             The game lasted 00:17:03 (8038 turns).

Sweetruy1997 the Cleaver (DrBe)                     Turns: 8038, Time: 00:17:03

Health: -4/71      AC: 11    Str: 22    XL:     9   Next: 56%
Magic:  9/9        EV: 13    Int:  7    God:    Trog [*****.]
Gold:   151        SH:  0    Dex: 12    Spells: 8/8 levels left

rFire   . . .      SeeInvis .   C - +2 whip (flame)
rCold   + . .      Faith    .   (no shield)
rNeg    + . .      Spirit   .   (armour unavailable)
rPois   +          Reflect  .   (helmet restricted)
rElec   .          Harm     .   s - +0 cloak
rCorr   .          Rampage  .   B - +0 pair of gloves {archery}
Will    .....                   l - +1 pair of boots
Stlth   ++........              (no amulet)
HPRegen 0.21/turn               h - ring of protection from cold
MPRegen 0.11/turn               i - ring of positive energy

@: short of breath
A: breathe noxious fumes, AC +7, unfitting armour, poison resistance,
cold-blooded
a: Breathe Noxious Fumes, Renounce Religion, Berserk, Trog's Hand, Brothers in
Arms


You were on level 8 of the Dungeon.
You worshipped Trog.
Trog was extremely pleased with you.
You visited 2 branches of the dungeon, and saw 9 of its levels.

You collected 403 gold pieces.
You spent 252 gold pieces at shops.

Inventory:

Hand Weapons
 C - a +2 whip of flaming (weapon)
Missiles
 n - 12 boomerangs (quivered)
 x - 7 javelins
Armour
 l - a +1 pair of boots (worn)
 s - a +0 cloak (worn)
 B - a +0 pair of gloves of archery (worn)
Jewellery
 h - a ring of protection from cold (left hand)
 i - a ring of positive energy (right hand)
 q - a ring of see invisible
 y - a ring of resist corrosion
Wands
 j - a wand of digging (13)
Scrolls
 b - a scroll of noise {unknown}
 c - 2 scrolls of magic mapping
 f - a scroll of fear {unknown}
 g - a scroll of silence {unknown}
 m - 2 scrolls of teleportation
 u - a scroll of brand weapon {unknown}
 w - a scroll of enchant weapon {unknown}
 A - a scroll of immolation {unknown}
Potions
 a - a potion of might {unknown}
 d - 3 potions of heal wounds
 e - 2 potions of curing
 k - 3 potions of lignification
 o - 2 potions of cancellation {unknown}
 p - a potion of invisibility {unknown}
 r - 3 potions of mutation {unknown}
 t - a potion of attraction {unknown}
 v - a potion of flight {unknown}
 z - a potion of haste {unknown}


   Skills:
 - Level 4.0 Fighting
 - Level 11.2 Axes
 - Level 5.0 Throwing
 - Level 5.0 Dodging
 - Level 1.0 Stealth


You had 8 spell levels left.
You didn't know any spells.
Your spell library was empty.

Dungeon Overview and Level Annotations

Branches:
Dungeon (8/15)             Temple (1/1) D:4
   Lair: D:8-11

Altars:
Ashenzari
Cheibriados
Dithmenos
Fedhas
Gozag
Kikubaaqudgha
Makhleb
Nemelex Xobeh
Okawaru
Qazlal
Ru
Sif Muna
Uskayaw
Vehumet
Wu Jian
Xom
Yredelemnul
Lugonu

Shops:
D:3 [

Annotations:
D:8 Erica, Grum, Psyche


Innate Abilities, Weirdness & Mutations

You can breathe blasts of noxious fumes.
Your lurid green scales are hard. (AC +7)
You cannot fit into any form of body armour.
Your system is resistant to poisons. (rPois)
You are cold-blooded and may be slowed by cold attacks.


Message History

You closely miss Psyche. You tail-slap Psyche.
Psyche is moderately wounded.
Psyche is engulfed in noxious fumes.
Psyche appears confused.
Psyche hits you but does no damage. Space warps horribly around you!
The wolf is engulfed in noxious fumes.
The wolf appears confused.
You catch the helpless Psyche completely off-guard!
You hit Psyche. You burn Psyche.
Psyche is heavily wounded.
Psyche is engulfed in noxious fumes.
Psyche appears confused.
Psyche hits you with a +2 dagger of distortion.
Space bends around you.
You barely miss Psyche.
Psyche is heavily wounded.
Psyche is engulfed in noxious fumes.
Psyche appears confused.
You hit Psyche. You burn Psyche.
Psyche is severely wounded.
Psyche is engulfed in noxious fumes.
Psyche appears confused.
Grum the Hunter comes into view.
He is wielding a +0 halberd.
Grum growls angrily.
A wolf comes into view.
The wolf moves out of view.
A wolf comes into view. x2
The wolf howls! x2
You hit Psyche. You burn Psyche. You tail-slap Psyche.
Psyche is almost dead.
Psyche hits you but does no damage.
You blink.
Erica the Fiery-Tempered comes into view.
She is wielding a +4 scimitar of flaming.
The wolf bites you but does no damage. Grum hits you with a +0 halberd!
Erica shouts!
The wolf howls!
The wolf bites you.
Grum hits you from afar with a +0 halberd!!
* * * LOW HITPOINT WARNING * * *
Erica mumbles some strange words.
Erica flickers and vanishes!
Deactivating autopickup; reactivate with Ctrl-A.
The wolf bites you but does no damage. x2
Psyche hits you but does no damage. Space warps horribly around you!
* * * LOW HITPOINT WARNING * * *
Grum barely misses you. The wolf bites you!
You die...

....##.####.........#
....##..#...........#..
.....#.#..............
.......#..............
.....#..............#### .
.....##.....#......##..#..
.....##.#.......h.#......#
.....##.#####...@........#
..........##....@h........
......###.......h.g....#
##...###........h.........
##........................
#...............#.........
#..............##...###...
....................# ..
...#..........[.....# .
...#..............###


You could see Psyche (confused), Grum and 4 wolves.

Vanquished Creatures
  Pikel (D:8)
  A hornet zombie (D:6)
  An orc warrior (D:6)
  An ogre (D:5)
  A centaur (D:7)
  A necrophage (D:5)
  2 lemures (D:8)
  A phantom (D:6)
  A kobold brigand (D:5)
  4 bullfrogs
  A wyvern zombie (D:6)
  2 water moccasin zombies (D:6)
  A wyvern skeleton (D:6)
  3 water moccasin skeletons
  3 centaur zombies
  6 bullfrog zombies
  3 bullfrog skeletons
  3 hounds
  An orc priest (D:7)
  5 centaur skeletons
  2 jellies
  2 iguanas
  2 orc wizards (D:7)
  A statue (D:7)
  3 killer bee zombies (D:6)
  2 howler monkey skeletons
  5 adders
  A shadow imp (D:6)
  A white imp (D:5)
  An ufetubus (D:4)
  2 adder skeletons (D:4)
  2 worms (D:2)
  A dart slug (D:4)
  15 orcs
  3 bats
  7 endoplasms
  4 goblins (D:1)
  6 hobgoblins
  2 jackals (D:4)
  21 kobolds
  3 quokkas
  8 ball pythons
  5 frilled lizards
  7 rats
148 creatures vanquished.

Vanquished Creatures (others)
  4 toadstools (D:6)
  2 withered plants (D:6)
6 creatures vanquished.

Grand Total: 154 creatures vanquished

Notes
Turn   | Place    | Note
-------+----------+-------------------------------------------
     0 | D:1      | Sweetruy1997 the Draconian Berserker began the quest for
                  | the Orb.
     0 | D:1      | Reached XP level 1. HP: 19/19 MP: 1/1
   124 | D:1      | Found a faded altar of an unknown god.
   256 | D:1      | Reached XP level 2. HP: 26/26 MP: 2/2
   519 | D:1      | Reached ** piety under Trog
  1029 | D:2      | Reached XP level 3. HP: 33/33 MP: 3/3
  1311 | D:2      | Found a radiant altar of Vehumet.
  1886 | D:3      | Reached XP level 4. HP: 36/40 MP: 4/4
  1944 | D:3      | Found Zehycu's Armour Boutique.
  1963 | D:3      | Reached skill level 4 in Axes
  2314 | D:3      | Bought a +1 pair of boots for 126 gold pieces
  2826 | D:4      | Reached *** piety under Trog
  2835 | D:4      | Found a staircase to the Ecumenical Temple.
  2868 | D:4      | Reached skill level 1 in Stealth
  2868 | D:4      | Reached XP level 5. HP: 33/46 MP: 5/5
  3004 | Temple   | Entered the Ecumenical Temple
  3186 | D:4      | Found a shadowy altar of Dithmenos.
  3210 | D:4      | Found Abyshrys's Antique Weapon Boutique.
  3604 | D:5      | Entered Level 5 of the Dungeon
  3672 | D:5      | Reached skill level 5 in Axes
  3683 | D:5      | Found an ancient bone altar of Kikubaaqudgha.
  3686 | D:5      | Found a blossoming altar of Fedhas.
  3791 | D:5      | Reached skill level 1 in Throwing
  3791 | D:5      | Reached XP level 6. HP: 46/52 MP: 6/6
  4112 | D:5      | Your scales start taking on a lurid green colour.
  4112 | D:5      | Reached XP level 7. HP: 59/59 MP: 7/7
  4112 | D:5      | Gained mutation: Your system is resistant to poisons.
                  | (rPois) [Green Draconian growth]
  4131 | D:5      | Reached skill level 6 in Axes
  5598 | D:6      | Reached skill level 5 in Dodging
  5652 | D:6      | Reached skill level 7 in Axes
  5666 | D:6      | Reached **** piety under Trog
  5674 | D:6      | Reached XP level 8. HP: 62/66 MP: 8/8
  5897 | D:6      | Reached skill level 8 in Axes
  6312 | D:6      | Reached skill level 5 in Throwing
  6427 | D:6      | Found a sacrificial altar of Ru.
  6434 | D:6      | Reached skill level 9 in Axes
  6623 | D:7      | Reached XP level 9. HP: 69/71 MP: 9/9
  6823 | D:3      | Bought a +0 pair of gloves of archery for 126 gold pieces
  6907 | D:7      | Reached skill level 10 in Axes
  6960 | D:7      | Found a radiant altar of Vehumet.
  7567 | D:8      | Reached ***** piety under Trog
  7568 | D:8      | Noticed Pikel
  7605 | D:8      | Killed Pikel
  7606 | D:8      | Reached skill level 11 in Axes
  7993 | D:8      | Found an opulent altar of Gozag.
  8021 | D:8      | Noticed Psyche
  8032 | D:8      | Noticed Grum
  8034 | D:8      | Noticed Erica
  8038 | D:8      | Slain by a wolf

Illustrated notes

Levels and vault maps discovered:
D:1:      lightli_arrival_maybe_door_vault, layout_basic,
          dreamdust_ecumenical_altar_angels_and_demons
D:2:      layout_loops_cross, basic_altar
D:3:      layout_loops_ring, serial_shops, shop
D:4:      layout_rooms, kennysheep_mini, minmay_temple_entry_glass,
          serial_shops, shop
D:5:      layout_basic, grunt_temple_overflow_growth_and_decay
D:6:      layout_rooms, old_standard_altar, serial_undead, serial_undead_d,
          serial_undead_b, serial_undead_a, serial_undead_c, serial_undead_b,
          serial_undead_e, hangedman_decor_lopped, minmay_gold_behind_fungi,
          hex_large
D:7:      layout_basic, vehumet_statue, minmay_fractal_squares_gapless_5
D:8:      wad_statue_garden, layout_cave_pools,
          pdpol_temple_overflow_zin_treasury_gozag_greed,
          gammafunk_temple_overflow_forgotten, uniq_psyche, uniq_grum,
          uniq_erica, uniq_pikel
Temple:   kb_corrupted_temple

Skill      XL: |  1  2  3  4  5  6  7  8  9 |
---------------+----------------------------+-----
Dodging        | 3 4 5 |  5.0
Fighting       | 4 |  4.0
Axes           | 4 5 7 9 11 | 11.2
Stealth        | 1 |  1.0
Throwing       | 1 2 3 5 |  5.0

Action                   |  1- 3 |  4- 6 |  7- 9 || total
-------------------------+-------+-------+-------++-------
Melee: Hand axe          |   142 |   141 |    53 ||   336
       Tailslap          |    13 |    15 |    41 ||    69
       War axe           |       |       |   178 ||   178
       Whip              |       |       |     5 ||     5
Throw: Boomerang         |       |    35 |   115 ||   150
Invok: Berserk           |       |     1 |       ||     1
 Abil: Breathe Noxious F |       |       |     6 ||     6
  Use: Scroll            |       |       |     5 ||     5
 Stab: Sleeping          |     1 |     1 |       ||     2
       Confused          |       |       |     3 ||     3
Armor: Skin              |    39 |    38 |   121 ||   198
Dodge: Dodged            |    74 |   119 |   215 ||   408

Table legend: (Time is in decaauts)
 A = Elapsed time spent in this place.
 B = Non-inter-level travel time spent in this place.
 C = Inter-level travel time spent in this place.
 D = Time resting spent in this place.
 E = Time spent auto-exploring this place.
 F = Levels seen in this place.
 G = Mean time per level.
                   A        B        C        D        E       F      G
               +--------+--------+--------+--------+--------+-----+--------+
         Total |   8114 |   7620 |    494 |   1697 |   4710 |   9 |  901.6 |
       Dungeon |   7984 |   7507 |    477 |   1697 |   4599 |   8 |  998.0 |
        Temple |    129 |    112 |     17 |      0 |    111 |   1 |  129.0 |
               +--------+--------+--------+--------+--------+-----+--------+

Top non-repeatable levels by time:
     D:5: 1967 daAuts
     D:6: 1062 daAuts
     D:3: 1037 daAuts
     D:2: 960 daAuts
     D:7: 944 daAuts
     D:1: 830 daAuts
     D:4: 709 daAuts
     D:8: 472 daAuts
  Temple: 129 daAuts
